 Dungeon Crawl Stone Soup version 0.28-a0-479-g5baa6b73be (webtiles) character file.

Game seed: 5372838070948021084

16 Dabor the Skirmisher (level 2, 0/24 HPs)
             Began as a Formicid Abyssal Knight on Sept 19, 2021.
             Was a Follower of Lugonu.
             Slain by a kobold (4 damage)
             ... on level 1 of the Dungeon.
             The game lasted 00:01:16 (302 turns).

Dabor the Skirmisher (Formicid Abyssal Knight)       Turns: 302, Time: 00:01:17

Health: 0/24       AC:  3    Str: 16    XL:     2   Next: 75%
Magic:  3/3        EV: 11    Int: 11    God:    Lugonu [*.....]
Gold:   40         SH:  0    Dex: 10    Spells: 1/1 levels left

rFire   + . .      SeeInvis +   d - +6 rapier of Debt {elec, Contam rF+ rN++}
rCold   . . .      Faith    .   (no shield)
rNeg    + + .      Spirit   .   b - +0 leather armour
rPois   .          Reflect  .   (helmet unavailable)
rElec   .          Harm     .   (no cloak)
rCorr   .          Rampage  .   (no gloves)
Will    .....                   (no boots)
Stlth   +.........              (no amulet)
HPRegen 0.08/turn               (no ring)
MPRegen 0.08/turn               (no ring)

@: no status effects
A: permanent stasis, dig shafts and tunnels, antennae 3, four strong arms
a: Dig, Shaft Self, Renounce Religion, Depart the Abyss


You were on level 1 of the Dungeon.
You worshipped Lugonu.
Lugonu was aware of your devotion.
You visited 1 branch of the dungeon, and saw 1 of its levels.
You visited the Abyss 1 time.

You collected 40 gold pieces.

Inventory:

Hand Weapons
 a - a +1 spear
 d - the +6 rapier of Debt (weapon) {elec, Contam rF+ rN++}
   (You found it on level 2 of the Abyss)

   It occasionally discharges a powerful burst of electricity upon striking a
   foe.
   rF:        It protects you from fire.
   rN:        It greatly protects you from negative energy.
   Contam:    It causes magical contamination when unequipped.
Armour
 b - a +0 leather armour (worn)
Potions
 c - 2 potions of ambrosia {unknown}
 e - a potion of curing {unknown}
 f - a potion of mutation {unknown}


   Skills:
 + Level 3.5 Fighting
 + Level 0.7 Short Blades
 - Level 2.0 Polearms
 + Level 2.4 Armour
 + Level 1.2 Dodging
 + Level 2.5 Invocations


You had one spell level left.
You didn't know any spells.
Your spell library was empty.

Dungeon Overview and Level Annotations

Branches:
Dungeon (1/15)

Altars:


Innate Abilities, Weirdness & Mutations

You cannot be hasted, slowed, berserked, paralysed or teleported.
You can dig through walls and to a lower floor.
You have a pair of large antennae on your head. (SInv)
Your four strong arms can wield two-handed weapons with a shield.


Message History

You puncture the jackal!
You kill the jackal!
Lugonu accepts your kill. The jackal bites you. The jackal misses you.
A frilled lizard comes into view.
The jackal bites you.
You miss the jackal. The jackal closely misses you. The jackal misses you.
The jackal bites you. x2
The jackal bites you but does no damage.
You puncture the jackal! Lightning courses through the jackal!
You kill the jackal!
Lugonu accepts your kill. The jackal bites you.
The jackal bites you but does no damage.
The jackal closely misses you.
The jackal bites you but does no damage.
The kobold hits you but does no damage.
You puncture the jackal!
You kill the jackal!
Lugonu accepts your kill.
The jackal bites you but does no damage.
The jackal closely misses you. The kobold hits you but does no damage.
The jackal bites you. The kobold hits you but does no damage.
The kobold hits you with a +0 whip.
You are too injured to fight recklessly!
You are too injured to fight recklessly!
You are too injured to fight recklessly!
You are too injured to fight recklessly!
You closely miss the jackal. The jackal barely misses you.
The jackal bites you.
* * * LOW HITPOINT WARNING * * *
The kobold hits you with a +0 whip.
* * * LOW HITPOINT WARNING * * *
You puncture the jackal! Lightning courses through the jackal!!
You kill the jackal!
Lugonu accepts your kill. The kobold hits you but does no damage.
You barely miss the kobold. The frilled lizard closely misses you.
The kobold hits you with a +0 whip.
You die...

....#..##.# #.###.....##..
..........###.###.....##.⌠
..###.#........[......#...
.............####.....#.⌠.
##..........## #...#..#...
#........#..# #.###..#..#
.........##.##...# #..'..+
......†.K##....# #..#..#
#.).l@...### #..#...
......#####..# #..#...
..... #....# #..#... ....
........ ...##.. ...
.....#####..##.. ..
........ #.. ##. .
###...... ## ..^##. {


You could see a kobold and a frilled lizard.

Vanquished Creatures
  A giant cockroach (D:1)
  2 goblins (D:1)
  A hobgoblin (D:1)
  4 jackals (D:1)
  2 bats (D:1)
  A frilled lizard (D:1)
  2 kobolds (D:1)
  A rat (D:1)
14 creatures vanquished.

Notes
Turn   | Place    | Note
-------+----------+-------------------------------------------
     0 | Abyss:1  | Dabor the Formicid Abyssal Knight began the quest for the
                  | Orb.
     0 | Abyss:1  | Reached XP level 1. HP: 18/18 MP: 2/2
    48 | Abyss:2  | Identified the +6 rapier of Debt {elec, Contam rF+ rN++}
    50 | D:1      | Escaped the Abyss
   107 | D:1      | Reached * piety under Lugonu
   108 | D:1      | Reached skill level 1 in Dodging
   242 | D:1      | Reached XP level 2. HP: 24/24 MP: 3/3
   302 | D:1      | Slain by a kobold

Illustrated notes

Levels and vault maps discovered:
D:1:      dpeg_arrival_refuge, layout_rooms, chequers_serial_rivers_marsh

Skill      XL: |  1 |
---------------+----+-----
Dodging        | 1 |  1.2
Fighting       | |  3.5
Short Blades   | |  0.7
Polearms       | |  2.0
Armour         | |  2.4
Invocations    | |  2.5

Action                   || total
-------------------------++-------
Melee: Rapier            ||    23
Invok: Depart the Abyss  ||     1
Armor: Leather armour    ||    11
Dodge: Dodged            ||    14

Table legend: (Time is in decaauts)
 A = Elapsed time spent in this place.
 B = Non-inter-level travel time spent in this place.
 C = Inter-level travel time spent in this place.
 D = Time resting spent in this place.
 E = Time spent auto-exploring this place.
 F = Levels seen in this place.
 G = Mean time per level.
                   A        B        C        D        E       F      G
               +--------+--------+--------+--------+--------+-----+--------+
         Total |    307 |    307 |      0 |      0 |    195 |   3 |  102.3 |
       Dungeon |    257 |    257 |      0 |      0 |    195 |   1 |  257.0 |
         Abyss |     50 |     50 |      0 |      0 |      0 |   2 |   25.0 |
               +--------+--------+--------+--------+--------+-----+--------+

Top non-repeatable levels by time:
     D:1: 257 daAuts
 Abyss:2: 25 daAuts
 Abyss:1: 24 daAuts
